 Dungeon Crawl Stone Soup version 0.29.1-4-g47bece8355 (webtiles) character file.

Game seed: 378196105820124959

11 CaptainMV the Conjurer (level 2, -1/20 HPs)
             Began as a Draconian Conjurer on Dec 7, 2022.
             Slain by a rat (2 damage)
             ... on level 1 of the Dungeon.
             The game lasted 00:01:53 (395 turns).

CaptainMV the Conjurer (Draconian Conjurer)          Turns: 395, Time: 00:01:53

Health: -1/20      AC:  4    Str:  9    XL:     2   Next: 13%
Magic:  5/5        EV: 12    Int: 18    God:
Gold:   11         SH:  0    Dex:  9    Spells: 4/5 levels left

rFire   . . .      SeeInvis .   b - +0 whip
rCold   . . .      Faith    .   (no shield)
rNeg    . . .      Spirit   .   (body armour unavailable)
rPois   .          Reflect  .   (helmet restricted)
rElec   .          Harm     .   (no cloak)
rCorr   .          Rampage  .   (no gloves)
Will    .....                   (no boots)
Stlth   ++........              (no amulet)
HPRegen 0.06/turn               (no ring)
MPRegen 0.09/turn               (no ring)

@: no status effects
A: AC +4, unfitting armour, cold-blooded
a: no special abilities


You were on level 1 of the Dungeon.
You visited 1 branch of the dungeon, and saw 1 of its levels.

You collected 11 gold pieces.

Inventory:

Hand Weapons
 b - a +0 whip (weapon)
Potions
 a - a potion of magic


   Skills:
 + Level 1.8 Dodging
 + Level 2.0 Stealth
 + Level 2.0 Spellcasting
 + Level 4.4 Conjurations


You had 4 spell levels left.
You knew the following spells:

 Your Spells              Type           Power      Damage    Failure   Level
a - Magic Dart            Conj           68%        1d6       3%          1

Your spell library contained the following spells:

 Spells                   Type           Power      Damage    Failure   Level
 Searing Ray              Conj           34%        2d5       4%          2
 Dazzling Flash           Conj/Hex       18%        N/A       22%         3
 Fulminant Prism          Conj/Hex       4%         3d6       58%         4
 Iskenderun's Mystic Bla  Conj/Tloc      9%         2d4       58%         4


Dungeon Overview and Level Annotations

Branches:
Dungeon (1/15)

Altars:


Innate Abilities, Weirdness & Mutations

Your plain brown scales are hard. (AC +4)
You cannot fit into any form of body armour.
You are cold-blooded and may be slowed by cold attacks.


Message History

The jackal bites you.
You hit the jackal.
You kill the jackal!
The jackal bites you. The rat bites you.
* * * LOW HITPOINT WARNING * * *
You barely miss the jackal. The jackal bites you.
* * * LOW HITPOINT WARNING * * *
The rat bites you but does no damage. The jackal barely misses you.
You hit the jackal.
Your tail-slap misses the jackal.
The jackal is lightly wounded.
The jackal bites you but does no damage.
The rat closely misses you.
You barely miss the jackal.
You tail-slap the jackal, but do no damage.
The jackal is lightly wounded.
The jackal closely misses you. The rat bites you.
* * * LOW HITPOINT WARNING * * *
The jackal bites you but does no damage.
You completely miss the jackal. Your punch misses the jackal.
The jackal is lightly wounded.
The rat closely misses you. The jackal barely misses you. The rat misses you.
You barely miss the jackal.
Your tail-slap misses the jackal.
The jackal is lightly wounded.
The jackal bites you but does no damage. x2
The rat misses you.
You barely miss the jackal.
The jackal is lightly wounded.
The jackal bites you but does no damage.
The rat barely misses you.
You hit the jackal but do no damage.
The jackal is lightly wounded.
The jackal bites you.
* * * LOW HITPOINT WARNING * * *
The jackal bites you but does no damage.
The rat bites you.
* * * LOW HITPOINT WARNING * * *
You closely miss the jackal.
The jackal bites you but does no damage.
The rat bites you.
You die...

#.#. ..#.. .#
##.#.###... [#
#.....##.. ..
#.....##.# .# #
#.....##.###$##.#
#................
#..........r.#
#........@).#
##..)###.##h..# .#
#..................
##...###.##.#.###.#
##.## #.##.#.# #.#
#.####.##.#.# #.#
#.##......#.# #.#
#.##.#.#..#)###.#
#.........#.....#


You could see a jackal and a rat.

Vanquished Creatures
  2 endoplasms (D:1)
  A goblin (D:1)
  2 jackals (D:1)
  A bat (D:1)
  3 kobolds (D:1)
9 creatures vanquished.

Notes
Turn   | Place    | Note
-------+----------+-------------------------------------------
     0 | D:1      | CaptainMV the Draconian Conjurer began the quest for the
                  | Orb.
     0 | D:1      | Reached XP level 1. HP: 14/14 MP: 3/3
   379 | D:1      | Reached XP level 2. HP: 20/20 MP: 5/5
   394 | D:1      | HP: 1/20 [rat (1)]
   395 | D:1      | Slain by a rat

Illustrated notes

Levels and vault maps discovered:
D:1:      sevenhm_arrival_forest_fort_small_6, layout_loops_ring,
          nicolae_ecumenical_snake_handling, minmay_misc_feat_doors

Skill      XL: |  1  2 |
---------------+-------+-----
Stealth        | 2 |  2.0
Dodging        | |  1.8
Spellcasting   | |  2.0
Conjurations   | |  4.4

Action                   || total
-------------------------++-------
Melee: Whip              ||    33
       Tailslap          ||     3
 Cast: Magic Dart        ||     5
Armor: Skin              ||    14
Dodge: Dodged            ||    31
